Map: Central Protocol

Players

Konradk

  • Race: Protoss Protoss

Fprim - Winner!

  • Race: Zerg Zerg
  • League: Platinum

VOD

Have the link to the VOD?

Description

Time

  • Played on: Nov. 24, 2015, 3:04 p.m.
  • Length: 12:06
Show
View Real Time Build Order
Export as new Build Order

Konradk Protoss 

Build Orders:  

Get SALT Encoding   

  12  0:01  Probe (Chrono Boost)  
  13  0:11  Probe (Chrono Boost)  
  14  0:22  Pylon  
  14  0:25  Probe (Chrono Boost)  
  15  0:41  Probe (Chrono Boost)  
  16  0:51  Probe (Chrono Boost)  
  17  1:02  Probe (Chrono Boost)  
  18  1:06  Nexus  
  18  1:12  Probe (Chrono Boost)  
  19  1:18  Gateway  
  19  1:24  Probe (Chrono Boost)  
  19  1:25  Assimilator  
  20  1:30  Assimilator  
  20  1:35  Probe (Chrono Boost)  
  21  1:44  Pylon  
  21  1:47  Probe (Chrono Boost)  
  22  1:58  Probe (Chrono Boost)  
  23  2:05  Gateway  
  23  2:09  Cybernetics Core  
  23  2:13  Probe (Chrono Boost)  
  24  2:22  Assimilator  
  24  2:23  Probe (Chrono Boost)  
  24  2:24  Probe (Chrono Boost)  
  26  2:34  Probe (Chrono Boost)  
  26  2:35  Probe (Chrono Boost)  
  28  2:44  Probe (Chrono Boost)  
  28  2:45  Probe (Chrono Boost)  
  30  2:55  Probe (Chrono Boost)  
  30  2:56  Probe (Chrono Boost)  
  30  2:57  Warp Gate (Chrono Boost)  
  32  3:06  Probe (Chrono Boost)  
  32  3:07  Adept x2 (Chrono Boost)  
  32  3:12  Mothership Core  
  39  3:18  Pylon  
  39  3:21  Twilight Council  
  39  3:25  Probe (Chrono Boost)  
  40  3:33  Probe (Chrono Boost)  
  41  3:39  Probe (Chrono Boost)  
  46  3:44  Probe (Chrono Boost)  
  46  3:47  Gateway  
  43  3:49  Gateway  
  43  3:51  Probe (Chrono Boost)  
  43  3:55  Probe (Chrono Boost), Pylon  
  46  4:03  Probe (Chrono Boost)  
  46  4:05  Probe (Chrono Boost)  
  49  4:17  Probe (Chrono Boost)  
  49  4:18  Probe (Chrono Boost)  
  49  4:40  Probe (Chrono Boost)  
  49  4:42  Probe (Chrono Boost), Assimilator  
  49  4:51  Probe (Chrono Boost)  
  49  4:54  Probe (Chrono Boost)  
  49  4:55  Gateway  
  49  4:56  Gateway  
  49  4:59  Robotics Facility  
  49  5:00  Probe (Chrono Boost), Blink (Chrono Boost)  
  49  5:02  Pylon  
  49  5:04  Probe  
  51  5:21  Stalker x4  
  51  5:22  Probe  
  51  5:23  Probe, Nexus  
  51  5:25  Pylon  
  61  5:36  Gateway  
  61  5:43  Pylon  
  61  5:45  Probe, Pylon, Gateway  
  61  5:47  Probe, Gateway  
  63  5:54  Stalker x2  
  63  5:55  Stalker  
  69  6:09  Assimilator  
  69  6:13  Stalker, Assimilator  
  69  6:14  Probe  
  69  6:15  Probe  
  69  6:17  Pylon  
  74  6:18  Observer (Chrono Boost)  
  74  6:22  Robotics Bay  
  74  6:25  Probe  
  74  6:28  Probe  
  76  6:43  Stalker x5  
  76  6:44  Stalker  
  76  6:53  Stalker  
  74  7:00  Gateway  
  74  7:02  Gateway  
  74  7:03  Probe  
  74  7:04  Probe x2  
  77  7:15  Probe  
  77  7:16  Probe x2  
  77  7:21  Sentry x2  
  77  7:22  Sentry, Stalker x2  
  86  7:23  Stalker x4  
  98  7:34  Probe  
  98  7:35  Probe x2  
  101  7:41  Gateway  
  101  7:43  Gateway  
  101  7:48  Gateway, Zealot x2  
  101  7:49  Zealot x2  
  107  7:52  Zealot  
  107  7:53  Zealot  
  98  8:02  Zealot x2  
  98  8:05  Zealot  
  98  8:17  Stalker x2  
  102  8:24  Disruptor (Chrono Boost)  
  105  8:31  Stalker x3  
  111  8:40  Templar Archives  
  111  8:59  Stalker, Nexus  
  111  9:00  Stalker x2  
  111  9:01  Pylon  
  117  9:06  Pylon  
  117  9:07  Pylon  
  117  9:10  Pylon  
  117  9:15  Disruptor (Chrono Boost)  
  112  9:34  Stalker x5  
  122  9:46  Disruptor (Chrono Boost)  
  125  9:53  High Templar x3  
  125  9:54  High Templar x6  
  143  10:07  Archon x4  
  143  10:10  High Templar  
  143  10:11  Stalker x2  
  143  10:12  Stalker x2  
  153  10:24  Disruptor (Chrono Boost)  
  142  10:52  Stalker  
  142  10:53  Stalker x6  
  142  10:54  Stalker x2  
  142  10:55  Disruptor (Chrono Boost)  
  163  10:59  Assimilator  
  163  11:03  Assimilator  
Show
View Real Time Build Order
Export as new Build Order

Fprim Zerg - Winner!

Build Orders: 3 Hatch before Pool, Lurkers 

Get SALT Encoding   

  12  0:00  Drone  
  13  0:09  Drone  
  14  0:19  Overlord  
  14  0:38  Drone x2  
  14  0:39  Drone  
  17  0:56  Hatchery  
  16  0:58  Drone  
  17  1:06  Drone  
  18  1:30  Hatchery  
  17  1:39  Spawning Pool  
  16  1:41  Drone  
  16  1:44  Drone  
  18  1:49  Drone  
  19  1:56  Overlord  
  19  2:07  Drone  
  20  2:16  Drone  
  21  2:27  Drone  
  21  2:29  Drone x2  
  24  2:32  Queen  
  24  2:35  Queen  
  24  2:36  Drone  
  29  2:43  Drone x2  
  31  2:47  Drone  
  32  2:51  Queen  
  32  2:55  Drone  
  35  3:07  Overlord  
  35  3:18  Drone x3  
  38  3:21  Drone x3  
  38  3:23  Drone  
  38  3:27  Extractor  
  41  3:28  Extractor  
  41  3:30  Extractor  
  41  3:31  Extractor  
  38  3:34  Drone  
  38  3:36  Drone  
  38  3:39  Drone x2  
  38  3:40  Drone  
  43  3:46  Drone, Overlord x2  
  43  3:48  Drone x3  
  46  3:55  Drone  
  48  3:57  Drone  
  48  4:02  Drone  
  50  4:03  Overlord  
  50  4:04  Overlord  
  50  4:10  Roach Warren  
  50  4:11  Lair  
  50  4:13  Evolution Chamber  
  50  4:16  Zergling x2  
  46  4:17  Zergling x4  
  46  4:22  Drone  
  46  4:29  Zergling x2  
  43  4:36  Zergling x6  
  43  4:43  Zerg Missile Weapons Level 1  
  41  4:49  Drone  
  42  4:53  Drone x4  
  42  4:54  Drone  
  47  5:02  Metabolic Boost  
  47  5:05  Drone  
  48  5:23  Drone x2  
  50  5:30  Drone x2  
  50  5:31  Drone x3  
  50  5:33  Drone x5  
  60  5:39  Hydralisk Den  
  59  5:46  Zergling x2  
  60  5:50  Roach x5  
  70  5:59  Drone  
  70  6:06  Zergling x8  
  70  6:09  Lurker Den  
  73  6:14  Zergling x2  
  74  6:25  Overlord  
  74  6:26  Overlord x2, Zergling x2  
  74  6:27  Zergling x10  
  79  6:39  Zergling x6  
  76  6:51  Overseer  
  76  6:53  Zergling x6  
  76  6:54  Zergling x10  
  81  7:05  Zergling x6  
  84  7:11  Zerg Melee Weapons Level 1  
  84  7:13  Evolution Chamber  
  84  7:14  Hydralisk x2  
  85  7:16  Evolution Chamber  
  85  7:21  Hydralisk x3  
  88  7:37  Hydralisk x4  
  88  7:38  Overlord x2, Hydralisk  
  98  7:44  Hatchery  
  92  7:53  Roach  
  92  7:54  Roach x2  
  88  8:15  Lurker x5  
  88  8:16  Lurker  
  93  8:23  Zergling x4  
  93  8:24  Zergling x16  
  93  8:25  Zergling x2  
  104  8:30  Zerg Missile Weapons Level 2  
  104  8:32  Zerg Ground Armor Level 1  
  104  8:33  Glial Reconstitution  
  102  8:35  Drone x2  
  102  8:36  Drone  
  102  8:39  Extractor  
  104  8:41  Extractor  
  103  8:55  Zergling x4  
  105  8:59  Overlord  
  105  9:00  Overlord x3  
  105  9:13  Hydralisk  
  105  9:14  Overlord x2  
  105  9:15  Overlord x3  
  106  9:26  Drone  
  106  9:27  Drone x2  
  106  9:34  Roach x6  
  106  9:35  Hatchery, Roach x2  
  106  9:38  Zerg Melee Weapons Level 2  
  121  9:42  Drone  
  122  9:47  Drone  
  122  9:50  Infestation Pit  
  122  10:03  Zergling x8  
  122  10:04  Zergling x6  
  129  10:09  Infestation Pit  
  129  10:12  Drone x2  
  129  10:13  Drone  
  131  10:17  Overseer x2  
  131  10:20  Zergling x4  
  132  10:36  Zergling x4  
  132  10:37  Zergling x14  
  132  10:38  Zergling x2  
  137  10:45  Zergling x8  
  137  10:46  Zergling x2  
  136  10:59  Roach x2  
  136  11:00  Roach  
  136  11:02  Hydralisk x2  
  146  11:09  Roach  
  148  11:31  Roach x6  
  160  11:34  Lurker  
  160  11:35  Lurker  
Tags
 
Add a new tag
Caveats
  • Supply blocks, unpowered buildings, or Contaminate may cause inaccurate times.
  • Supply counts are checked every 10 seconds.